 Dungeon Crawl Stone Soup version 0.28-a0-1629-gf728b707aa (webtiles) character file.

Game seed: 8346942050215758709

37 hashsling the Insei (level 3, -2/27 HPs)
             Began as a Merfolk Transmuter on Jan 24, 2022.
             Slain by an iguana (13 damage)
             ... on level 2 of the Dungeon.
             The game lasted 00:02:33 (1198 turns).

hashsling the Insei (Merfolk Transmuter)            Turns: 1198, Time: 00:02:34

Health: -2/27      AC:  2    Str: 12    XL:     3   Next: 41%
Magic:  6/6        EV: 13    Int: 12    God:
Gold:   83         SH:  0    Dex: 14    Spells: 3/6 levels left

rFire   . . .      SeeInvis .     - Unarmed
rCold   . . .      Faith    .   (no shield)
rNeg    . . .      Spirit   .   a - +0 robe
rPois   +          Reflect  .   (helmet currently unavailable)
rElec   .          Harm     .   (no cloak)
rCorr   .          Rampage  .   (no gloves)
Will    .....                   (boots currently unavailable)
Stlth   +.........              (no amulet)
HPRegen 0.09/turn               c - ring of poison resistance
MPRegen 0.10/turn               (no ring)

@: appendages (expiring)
A: horns 2, (nimble swimmer 2), mertail
a: End Transformation


You were on level 2 of the Dungeon.
You had temporarily grown beastly horns.
You visited 1 branch of the dungeon, and saw 2 of its levels.

You collected 83 gold pieces.

Inventory:

Armour
 a - a +0 robe (worn)
Jewellery
 c - a ring of poison resistance (left hand)
Scrolls
 e - a scroll of identify {unknown}
 h - a scroll of vulnerability {unknown}
Potions
 b - a potion of flight {unknown}
 f - a potion of attraction {unknown}
 g - a potion of curing {unknown}


   Skills:
 + Level 2.0 Fighting
 + Level 3.3 Dodging
 + Level 3.7 Unarmed Combat
 - Level 2.0 Spellcasting
 + Level 3.4 Transmutations


You had 3 spell levels left.
You knew the following spells:

 Your Spells              Type           Power      Damage    Failure   Level
a - Beastly Appendage     Tmut           18%        N/A       7%          1
b - Wereblood             Tmut           9%         N/A       11%         2

Your spell library contained the following spells:

 Spells                   Type           Power      Damage    Failure   Level
 Spider Form              Tmut/Pois      5%         N/A       38%         3
 Ice Form                 Ice/Tmut       5%         N/A       80%         4


Dungeon Overview and Level Annotations

Branches:
Dungeon (2/15)

Altars:


Innate Abilities, Weirdness & Mutations

You have temporarily grown beastly horns.
((You are very nimble when in or above water. (Stealth+, EV+, Speed+++)))
Your lower body shifts to a powerful aquatic tail in water.


Message History

You hit the iguana.
The iguana is lightly wounded.
The iguana barely misses you.
You closely miss the iguana. You headbutt the iguana.
The iguana is lightly wounded.
The iguana bites you!
You barely miss the iguana.
The iguana is lightly wounded.
The iguana barely misses you.
You closely miss the iguana.
The iguana is lightly wounded.
The iguana barely misses you.
You hit the iguana but do no damage.
The iguana is lightly wounded.
The iguana bites you but does no damage.
You barely miss the iguana.
The iguana is lightly wounded.
The iguana closely misses you.
You hit the iguana.
The iguana is moderately wounded.
Your transformation is almost over.
The iguana bites you!
Ouch! That really hurt!
* * * LOW HITPOINT WARNING * * *
It was a potion of heal wounds.
You feel much better. The iguana bites you!
You barely miss the iguana.
The iguana is moderately wounded.
You hit the iguana but do no damage.
The iguana is moderately wounded.
The iguana bites you!
* * * LOW HITPOINT WARNING * * *
You feel much better. The iguana bites you.
You hit the iguana but do no damage.
You headbutt the iguana, but do no damage.
The iguana is moderately wounded.
The iguana bites you!
You barely miss the iguana. You headbutt the iguana.
The iguana is moderately wounded.
The iguana bites you!
You die...

.. ...... .. ......
..####### ......
##+#...#... #### ......
...# #.#.## ..# ......
...###....# #.########
...... ##........#
#........# ....
.>........####........#
##..####).......@l....#
.....#.........###.####
##..........#### #
##...#####.# ....# #.#
....# #+# .....


You could see an iguana.

Vanquished Creatures
  An adder (D:2)
  2 bats (D:1)
  2 endoplasms
  6 goblins
  A hobgoblin (D:2)
  4 jackals (D:1)
  A kobold (D:2)
  A quokka (D:1)
  2 ball pythons (D:1)
  A frilled lizard (D:1)
  4 rats
25 creatures vanquished.

Notes
Turn   | Place    | Note
-------+----------+-------------------------------------------
     0 | D:1      | hashsling the Merfolk Transmuter began the quest for the
                  | Orb.
     0 | D:1      | Reached XP level 1. HP: 15/15 MP: 3/3
   141 | D:1      | Reached XP level 2. HP: 15/21 MP: 3/5
   252 | D:1      | Learned a level 2 spell: Wereblood
   558 | D:1      | Found a faded altar of an unknown god.
   838 | D:2      | Reached XP level 3. HP: 17/27 MP: 6/6
  1198 | D:2      | Slain by an iguana

Illustrated notes

Levels and vault maps discovered:
D:1:      erik_arrival_blinker_ship, layout_rooms,
          dreamdust_ecumenical_altar_statues
D:2:      layout_basic

Skill      XL: |  1  2  3 |
---------------+----------+-----
Dodging        | 3 |  3.3
Transmutations | 3 |  3.4
Fighting       | 2 |  2.0
Unarmed Combat | |  3.7
Spellcasting   | |  2.0

Action                   || total
-------------------------++-------
Melee: Unarmed           ||    86
       Headbutt          ||    20
 Cast: Beastly Appendage ||    18
  Use: Potion            ||     2
Armor: Robe              ||    11
Dodge: Dodged            ||    48

Table legend: (Time is in decaauts)
 A = Elapsed time spent in this place.
 B = Non-inter-level travel time spent in this place.
 C = Inter-level travel time spent in this place.
 D = Time resting spent in this place.
 E = Time spent auto-exploring this place.
 F = Levels seen in this place.
 G = Mean time per level.
                   A        B        C        D        E       F      G
               +--------+--------+--------+--------+--------+-----+--------+
         Total |   1191 |   1181 |     10 |      0 |    970 |   2 |  595.5 |
       Dungeon |   1191 |   1181 |     10 |      0 |    970 |   2 |  595.5 |
               +--------+--------+--------+--------+--------+-----+--------+

Top non-repeatable levels by time:
     D:1: 793 daAuts
     D:2: 398 daAuts
